 Dungeon Crawl Stone Soup version 0.32-a0-12-g7fc57aa741 (webtiles) character file.

Game seed: 10495876032530849849

3256 AlmostDecent the Cleaver (level 10, -4/90 HPs)
             Began as a Gargoyle Fighter on Jan 15, 2024.
             Was a Follower of Trog.
             Slain by an orc warrior
             ... wielding a +0 spear
              (6 damage)
             ... in a bailey.
             The game lasted 00:24:33 (6176 turns).

AlmostDecent the Cleaver (Gargoyle Fighter)         Turns: 6176, Time: 00:24:33

Health: -4/90      AC: 18    Str: 25    XL:     10   Next: 0%
Magic:  10/10      EV: 10    Int:  8    God:    Trog [*.....]
Gold:   342        SH: 10    Dex: 15    Spells: 9/9 levels left

rFire   . . .        c - +0 broad axe
rCold   + . .        M - +0 kite shield
rNeg    + . .        b - +0 scale mail
rPois   ∞            (no helmet)
rElec   +            (no cloak)
rCorr   .            C - +0 pair of gloves
SInv    .            x - +1 pair of boots
Will    ++...        p - amulet of the acrobat Stlth
                     e - ring of protection from cold
HPRegen 1.35/turn    f - +6 ring of dexterity
MPRegen 0.12/turn

%: acrobat
@: mighty, berserking (expiring), strong-willed, regenerating, very quick
A: sickness immunity, AC +7, negative energy resistance 1, electricity
resistance, torment resistance 1, petrification resistance
a: Renounce Religion, Berserk


You were in a bailey.
You worshipped Trog.
Trog was aware of your devotion.
You visited 2 branches of the dungeon, and saw 9 of its levels.
You also visited: Sewer and Bailey.

You collected 466 gold pieces.
You spent 124 gold pieces at shops.

Inventory:

Hand Weapons
 c - a +0 broad axe (weapon)
 A - a +1 trident of venom
 L - a +2 morningstar of freezing
Armour
 b - a +0 scale mail (worn)
 x - a +1 pair of boots (worn)
 C - a +0 pair of gloves (worn)
 M - a +0 kite shield (worn)
Jewellery
 e - a ring of protection from cold (left hand)
 f - a +6 ring of dexterity (right hand)
 p - an amulet of the acrobat (around neck)
 K - a ring of fire
Wands
 q - a wand of flame (26)
 s - a wand of digging (6)
 B - a wand of roots (13)
 E - a wand of charming (7)
Scrolls
 h - 3 scrolls of teleportation
 j - a scroll of revelation
 m - a scroll of fear {unknown}
 n - 2 scrolls of immolation
 t - a scroll of fog {unknown}
 u - a scroll of blinking {unknown}
 y - a scroll of amnesia {unknown}
 D - a scroll of noise {unknown}
 J - a scroll of enchant weapon {unknown}
Potions
 i - 2 potions of attraction {unknown}
 l - 2 potions of curing
 o - 4 potions of mutation
 v - 3 potions of brilliance
 w - 3 potions of might
 z - a potion of haste {unknown}
 F - a potion of experience {unknown}
 G - 3 potions of magic {unknown}
 H - 4 potions of invisibility
 I - a potion of cancellation {unknown}


   Skills:
 + Level 5.8 Fighting
 * Level 10.0 Axes
 + Level 0.1 Throwing
 + Level 6.5 Armour
 + Level 2.4 Dodging
 + Level 0.9 Stealth
 + Level 5.3 Shields


You had 9 spell levels left.
You didn't know any spells.
Your spell library was empty.

Dungeon Overview and Level Annotations

Branches:
Dungeon (8/15)             Temple (1/1) D:5           Sewer (visited)
 Bailey (1/1)
   Lair: D:8-11

Altars:
Ashenzari
Dithmenos
Elyvilon
Fedhas
Hepliaklqana
Kikubaaqudgha
Makhleb
Nemelex Xobeh
Okawaru
Qazlal
Ru
Sif Muna
Trog
Uskayaw
Vehumet
Wu Jian
Xom
Yredelemnul
The Shining One

Shops:
D:3 [   D:5 *   D:6 *   D:7 *


Innate Abilities, Weirdness & Mutations

You are immune to sickness and miasma.
Your stone body is resilient. (AC +7)
You are immune to poison.
You resist negative energy. (rN+)
You are resistant to electric shocks. (rElec)
You are resistant to unholy torment.
You are immune to petrification.


Message History

The orc knight is moderately wounded.
You hit the orc warrior but do no damage.
You block the orc warrior's attack. The orc warrior barely misses you.
You barely miss the orc knight.
The orc knight is moderately wounded.
You slash the orc warrior!
The orc knight hits you with a +0 glaive.
You block the orc warrior's attack.
The orc warrior hits you from afar with a +0 spear!
You block the orc warrior's attack.
You slash the orc knight!
The orc knight is heavily wounded.
You hit the orc warrior but do no damage.
You block the orc knight's attack.
You hit the orc knight.
The orc knight is heavily wounded.
You hit the orc warrior.
The orc warrior hits you from afar with a +0 halberd!
The orc warrior hits you but does no damage.
You block the orc warrior's attack. x2; You block the orc knight's attack.
You slice the orc knight!!
The orc knight is almost dead.
You hit the orc warrior.
The orc warrior no longer looks unusually strong.
The orc warrior hits you from afar with a +0 halberd.
An orc knight comes into view. It is wielding a +0 halberd.
The orc warrior hits you but does no damage.
The orc warrior hits you from afar with a +4 glaive!!
* * * LOW HITPOINT WARNING * * *
You block the orc warrior's attack.
The orc knight hits you with a +0 glaive!
* * * LOW HITPOINT WARNING * * *
You barely miss the orc knight.
The orc knight is almost dead.
You closely miss the orc warrior.
The orc knight shouts!
The orc warrior hits you from afar with a +0 halberd.
* * * LOW HITPOINT WARNING * * *
The orc warrior hits you from afar with a +0 spear.
You die...

#.....#
#.....#
#.....#
#.....#
##'''##
##.)...##
#.......#
#..#.#..#
#....@o.#
#...o...#
#...ooo.#
##.....##
#'''''#
#.....#
...(.o.
#.......#
#...o...#


You could see 2 orc knights and 4 orc warriors.

Vanquished Creatures
  An orc knight (Bailey)
  A wraith (D:7)
  A water moccasin (D:6)
  An ice beast (D:7)
  4 orc warriors (Bailey)
  An ogre (D:7)
  2 centaurs (D:7)
  A phantom (D:7)
  2 kobold brigands (Sewer)
  3 bullfrogs
  2 scorpions
  3 wights (D:7)
  4 killer bees (D:7)
  2 howler monkeys
  4 electric eels (D:6)
  A bombardier beetle (D:4)
  5 orc priests
  3 hounds
  A sleepcap (D:4)
  3 iguanas
  4 orc wizards
  8 adders
  2 shadow imps (D:6)
  A white imp (D:7)
  4 ufetubi
  2 dart slugs
  A ribbon worm (D:3)
  48 orcs
  5 endoplasms
  3 giant cockroaches
  11 goblins
  6 hobgoblins
  5 jackals
  18 kobolds
  3 quokkas
  11 ball pythons
  9 bats
  2 frilled lizards
  7 rats
195 creatures vanquished.

Notes
Turn   | Place    | Note
-------+----------+-------------------------------------------
     0 | D:1      | AlmostDecent the Gargoyle Fighter began the quest for the
                  | Orb.
     0 | D:1      | Reached XP level 1. HP: 14/14 MP: 1/1
    67 | D:1      | Reached XP level 2. HP: 19/19 MP: 2/2
    80 | D:1      | Reached skill level 2 in Axes
   237 | D:1      | Reached XP level 3. HP: 17/23 MP: 3/3
   265 | D:1      | You fall into a shaft and drop 1 floor!
   298 | D:2      | Found a blossoming altar of Fedhas.
   479 | D:2      | Reached skill level 3 in Axes
   479 | D:2      | Reached XP level 4. HP: 22/29 MP: 4/4
  1332 | D:3      | Found Ico Fori's Armour Shoppe.
  1418 | D:3      | Identified the +4 rapier "Qerhoid" {elec, rPois Will+++
                  | Dex-4 Stlth+}
  1571 | D:3      | Reached XP level 5. HP: 4/33 MP: 5/5
  1808 | D:3      | Reached skill level 4 in Axes
  2155 | D:3      | Reached XP level 6. HP: 38/38 MP: 6/6
  2595 | D:4      | Reached skill level 5 in Axes
  3184 | D:5      | Entered Level 5 of the Dungeon
  3197 | D:5      | Reached XP level 7. HP: 43/43 MP: 7/7
  3334 | D:5      | Reached skill level 1 in Dodging
  3361 | D:5      | Found a staircase to the Ecumenical Temple.
  3371 | Temple   | Entered the Ecumenical Temple
  3430 | Temple   | Became a worshipper of Trog the Wrathful
  3458 | D:5      | Found Loadweah's Overcharged Wands.
  3571 | D:5      | Found a sacrificial altar of Ru.
  3572 | D:5      | Found a shadowy altar of Dithmenos.
  3610 | D:5      | Found an iron altar of Okawaru.
  3746 | D:5      | Found a broken altar of Ashenzari.
  3746 | D:5      | Found a hide-covered altar of Uskayaw.
  3754 | D:5      | Found a glowing golden altar of the Shining One.
  3756 | D:5      | Found a faded altar of an unknown god.
  3758 | D:5      | Found an ornate altar of the Wu Jian Council.
  3857 | D:5      | Found a basalt altar of Yredelemnul.
  3929 | D:6      | Found Laicw's Assorted Antiques.
  3945 | D:6      | Reached skill level 6 in Axes
  3972 | D:6      | Reached skill level 5 in Armour
  4100 | D:6      | Found a glowing drain.
  4134 | D:6      | Reached XP level 8. HP: 32/48 MP: 8/8
  4166 | Sewer    | Entered a sewer
  4388 | Sewer    | Reached skill level 7 in Axes
  4399 | Sewer    | Reached * piety under Trog
  4853 | D:6      | Found a stormy altar of Qazlal.
  5036 | D:7      | Reached skill level 8 in Axes
  5043 | D:7      | Found Niugh's Assorted Antiques.
  5069 | D:7      | Bought a broad axe for 124 gold pieces
  5097 | D:7      | Noticed a wraith
  5104 | D:7      | Killed a wraith
  5105 | D:7      | Reached skill level 5 in Fighting
  5105 | D:7      | Reached XP level 9. HP: 54/54 MP: 9/9
  5294 | D:7      | Reached skill level 9 in Axes
  5393 | D:7      | Found a blossoming altar of Fedhas.
  5838 | D:8      | Found a flagged portal.
  5855 | Bailey   | Entered a bailey
  5975 | Bailey   | Reached skill level 5 in Shields
  5981 | Bailey   | Reached ** piety under Trog
  6054 | Bailey   | Noticed an orc knight
  6054 | Bailey   | Noticed an orc knight
  6087 | Bailey   | Killed an orc knight
  6088 | Bailey   | Reached skill level 10 in Axes
  6088 | Bailey   | Reached XP level 10. HP: 42/60 MP: 10/10
  6175 | Bailey   | Noticed an orc knight
  6176 | Bailey   | HP: 2/90 [orc warrior/+0 halberd (6)]
  6176 | Bailey   | Slain by an orc warrior

Illustrated notes

Levels and vault maps discovered:
D:1:      pf_arrival_petrified_forest, layout_rooms, serial_aquarium,
          aquarium_bridge_straight [aquarium_subvault_bridge,
          aquarium_subvault_balcony, aquarium_subvault_bridge,
          aquarium_subvault_window], aquarium_bridge_square
          [aquarium_subvault_bridge, aquarium_subvault_balcony,
          aquarium_subvault_window, aquarium_subvault_bridge],
          aquarium_window_fake, aquarium_window_fake, aquarium_window_fake,
          aquarium_view_2f, aquarium_balcony_3a
D:2:      layout_basic, basic_altar, minmay_heptomino_w4
D:3:      layout_loops_ring, serial_shops, shop, minmay_puff
D:4:      nicolae_cairo_tiling_very_big, layout_gridville
D:5:      layout_loops_ring, general_overflow_altar, grunt_temple_overflow_open,
          chequers_temple_overflow_minitemple, minmay_temple_entry_trees,
          nicolae_shop_overcharged_wands
D:6:      layout_basic, mainiacjoe_overflow_alcove_2, gup_sewer_entry_glass,
          nicolae_take_the_stairs, mrwooster_statue_mirror, serial_bayou_lake_a
D:7:      layout_rooms, fedhas_altar_4, serial_shops, shop
D:8:      layout_cave_pools, enter_bailey_2
Temple:   dpeg_three_leaves_temple
Bailey:   bailey_polearm_5, bailey

Skill      XL: |  1  2  3  4  5  6  7  8  9 |
---------------+----------------------------+-----
Axes           | 2 3 4 5 6 8 10 | 10.0
Armour         | 4 5 6 |  6.5
Fighting       | 4 5 |  5.8
Dodging        | 1 2 |  2.4
Shields        | 4 5 |  5.3
Throwing       | |  0.1
Stealth        | |  0.9

Action                     |  1- 3 |  4- 6 |  7- 9 | 10-12 || total
---------------------------+-------+-------+-------+-------++-------
  Melee: War axe           |   105 |   182 |   191 |       ||   478
         Broad axe         |       |       |   117 |     9 ||   126
  Throw: Javelin           |       |       |     4 |     2 ||     6
 Invoke: Berserk           |       |       |     6 |     1 ||     7
         Trog's Hand       |       |       |     1 |     1 ||     2
    Use: Potion            |       |     3 |     2 |     1 ||     6
         Scroll            |       |       |     6 |       ||     6
 Armour: Scale mail        |    96 |   126 |   275 |    14 ||   511
  Dodge: Dodged            |    67 |    65 |   206 |     3 ||   341
  Block: Buckler           |    39 |    30 |    40 |       ||   109
         Kite shield       |       |       |   107 |    11 ||   118

Table legend: (Time is in decaauts)
 A = Elapsed time spent in this place.
 B = Non-inter-level travel time spent in this place.
 C = Inter-level travel time spent in this place.
 D = Time resting spent in this place.
 E = Time spent auto-exploring this place.
 F = Levels seen in this place.
 G = Mean time per level.
                   A        B        C        D        E       F      G
               +--------+--------+--------+--------+--------+-----+--------+
         Total |   6441 |   6013 |    428 |    167 |   4184 |  11 |  585.5 |
       Dungeon |   5736 |   5362 |    374 |     50 |   3998 |   8 |  717.0 |
        Temple |     71 |     17 |     54 |      0 |      0 |   1 |   71.0 |
         Sewer |    285 |    285 |      0 |      0 |    181 |   1 |  285.0 |
        Bailey |    347 |    347 |      0 |    117 |      4 |   1 |  347.0 |
               +--------+--------+--------+--------+--------+-----+--------+

Top non-repeatable levels by time:
     D:3: 1231 daAuts
     D:6: 914 daAuts
     D:7: 855 daAuts
     D:4: 785 daAuts
     D:1: 715 daAuts
     D:5: 666 daAuts
     D:2: 551 daAuts
  Bailey: 347 daAuts
   Sewer: 285 daAuts
  Temple: 71 daAuts
     D:8: 16 daAuts
